SL
D.C. DIVIDED @ THUNDER BAY NORTHERN LIONS BC
05/08/2029
 
TOP OF THE 1ST
D.C. Divided batting - Pitching for Thunder Bay Northern Lions BC : RHP Ramón Molina
Pitching: RHP Ramón Molina
Batting: RHB Arturo Rodríguez 0-0: Ball
1-0: Ball
2-0: Called Strike
2-1: Swinging Strike
2-2: Strikes out swinging
Batting: RHB Tony Romero 0-0: Foul Ball, location: 2F
0-1: Bunt for hit - play at first, batter safe!
Batting: RHB Wilbur Davis 0-0: Foul Ball, location: 2F
0-1: Ball
1-1: Swinging Strike
1-2: Ball
2-2: Strikes out swinging
Batting: RHB Wilfred McLaughlin 0-0: Ball
Tony Romero steals 2nd base
1-0: Ball
2-0: Swinging Strike
2-1: Ball
3-1: Called Strike
3-2: Strikes out swinging
Top of the 1st over - 0 runs, 1 hit, 0 errors, 1 left on base; D.C. 0 - Thunder Bay 0
BOTTOM OF THE 1ST
Thunder Bay Northern Lions BC batting - Pitching for D.C. Divided : RHP Jon Dunn
Pitching: RHP Jon Dunn
Batting: LHB David Smith 0-0: Ball
1-0: Ball
2-0: Ball
3-0: Called Strike
3-1: Foul Ball, location: 2F
3-2: Base on Balls
Batting: RHB António Mendoza 0-0: Swinging Strike
0-1: Foul Ball, location: 2F
0-2: Ball
1-2: Foul Ball, location: 2F
1-2: Ball
2-2: Foul Ball, location: 2F
2-2: Strikes out looking
Batting: RHB Sean Davis 0-0: Swinging Strike
Pickoff Throw to First - Out!
0-1: Foul Ball, location: 2F
0-2: Ball
1-2: Fly out, F8 (Flyball, 78D)
Bottom of the 1st over - 0 runs, 0 hits, 0 errors, 0 left on base; D.C. 0 - Thunder Bay 0
TOP OF THE 2ND
D.C. Divided batting - Pitching for Thunder Bay Northern Lions BC : RHP Ramón Molina
Batting: LHB Obidiah Lewis 0-0: Called Strike
0-1: Foul Ball, location: 2F
0-2: Strikes out swinging
Batting: RHB Roberto Maestas 0-0: Ball
1-0: Called Strike
1-1: DOUBLE (Line Drive, 7LM)
Batting: RHB Mario Castillo 0-0: Called Strike
0-1: Foul Ball, location: 2F
0-2: Ball
1-2: Strikes out looking
Batting: LHB Neil Lawson 0-0: Ball
1-0: Swinging Strike
1-1: Called Strike
1-2: Strikes out looking
Top of the 2nd over - 0 runs, 1 hit, 0 errors, 1 left on base; D.C. 0 - Thunder Bay 0
BOTTOM OF THE 2ND
Thunder Bay Northern Lions BC batting - Pitching for D.C. Divided : RHP Jon Dunn
Batting: SHB Carlos Rodríguez 0-0: Called Strike
0-1: Ball
1-1: Ball
2-1: Foul Ball, location: 2F
2-2: Ball
3-2: Base on Balls
Batting: SHB Terumoto Kurihara 0-0: Foul Ball, location: 2F
0-1: Foul Ball, location: 2F
0-2: Ball
Wild Pitch!
Carlos Rodríguez to second
1-2: Hit by Pitch
Batting: RHB Keith Fish 0-0: Swinging Strike
0-1: Called Strike
0-2: Strikes out swinging
Batting: RHB Carlos Padilla 0-0: Called Strike
0-1: Fly out, F7 (Flyball, 7D)
Runner from 2nd tags up, SAFE at 3rd, no throw
Batting: RHB Xavier Pérez 0-0: Foul Ball, location: 2F
0-1: Called Strike
0-2: Ball
1-2: Foul Ball, location: 2F
1-2: Ball
2-2: Foul Ball, location: 2F
2-2: Strikes out swinging
Bottom of the 2nd over - 0 runs, 0 hits, 0 errors, 2 left on base; D.C. 0 - Thunder Bay 0
TOP OF THE 3RD
D.C. Divided batting - Pitching for Thunder Bay Northern Lions BC : RHP Ramón Molina
Batting: LHB Sal Bradshaw 0-0: Ball
1-0: Foul Ball, location: 2F
1-1: Ball
2-1: Ball
3-1: Called Strike
3-2: SINGLE (Flyball, 78S)
Batting: RHB Arturo Rodríguez 0-0: DOUBLE (Line Drive, 7LM)
Sal Bradshaw to third
Runner from 3rd tries for Home, SAFE, no throw
Batting: RHB Tony Romero 0-0: Ball
1-0: Foul Ball, location: 2F
1-1: Ball
2-1: DOUBLE (Flyball, 8LD)
Arturo Rodríguez scores
Batting: RHB Wilbur Davis 0-0: Swinging Strike
0-1: Ball
1-1: Ball
2-1: SINGLE (Groundball, 56D)
Tony Romero to third
Runner from 3rd tries for Home, SAFE, throw made home
Batting: RHB Wilfred McLaughlin 0-0: Ball
1-0: Swinging Strike
1-1: Swinging Strike
1-2: Ball
Wild Pitch!
Wilbur Davis to second
2-2: Strikes out swinging
Batting: LHB Obidiah Lewis 0-0: Called Strike
0-1: Swinging Strike
0-2: Ball
1-2: Strikes out swinging
Batting: RHB Roberto Maestas 0-0: Ball
1-0: Called Strike
1-1: Called Strike
1-2: Ball
2-2: Foul Ball, location: 2F
2-2: Ground out 2-3 (Groundball, 15S)
Top of the 3rd over - 3 runs, 4 hits, 0 errors, 1 left on base; D.C. 3 - Thunder Bay 0
BOTTOM OF THE 3RD
Thunder Bay Northern Lions BC batting - Pitching for D.C. Divided : RHP Jon Dunn
Batting: RHB Justin Smelter 0-0: Called Strike
0-1: Called Strike
0-2: Strikes out swinging
Batting: LHB David Smith 0-0: Ball
1-0: Foul Ball, location: 2F
1-1: Swinging Strike
1-2: SINGLE (Line Drive, 3D)
Batting: RHB António Mendoza 0-0: Foul Ball, location: 2F
0-1: Swinging Strike
0-2: Ball
1-2: Ball
2-2: Ground out 3-1 (Groundball, 34)
David Smith to second
Batting: RHB Sean Davis 0-0: Ball
1-0: Ball
2-0: Ball
3-0: Called Strike
3-1: Ground out 6-3 (Groundball, 6)
Bottom of the 3rd over - 0 runs, 1 hit, 0 errors, 1 left on base; D.C. 3 - Thunder Bay 0
TOP OF THE 4TH
D.C. Divided batting - Pitching for Thunder Bay Northern Lions BC : RHP Ramón Molina
Batting: RHB Mario Castillo 0-0: Called Strike
0-1: Ball
1-1: Called Strike
1-2: Strikes out swinging
Batting: LHB Neil Lawson 0-0: Ball
1-0: Called Strike
1-1: Ball
2-1: Ball
3-1: Base on Balls
Batting: LHB Sal Bradshaw 0-0: Ball
1-0: Ball
2-0: Ball
3-0: Base on Balls
Neil Lawson to second
Batting: RHB Arturo Rodríguez 0-0: Ball
1-0: Ball
2-0: Called Strike
2-1: DOUBLE (Line Drive, 7D)
Neil Lawson scores
Sal Bradshaw to third
Runner from 3rd tries for Home, SAFE, no throw
Batting: RHB Tony Romero 0-0: Called Strike
0-1: DOUBLE (Line Drive, 89D)
Arturo Rodríguez scores
Batting: RHB Wilbur Davis 0-0: Fly out, F7 (Line Drive, 7)
Batting: RHB Wilfred McLaughlin 0-0: Ball
1-0: Called Strike
1-1: Foul Ball, location: 2F
1-2: Ground out 5-3 (Groundball, 56S)
Top of the 4th over - 3 runs, 2 hits, 0 errors, 1 left on base; D.C. 6 - Thunder Bay 0
BOTTOM OF THE 4TH
Thunder Bay Northern Lions BC batting - Pitching for D.C. Divided : RHP Jon Dunn
Batting: SHB Carlos Rodríguez 0-0: Swinging Strike
0-1: Ball
1-1: Called Strike
1-2: Ball
2-2: Ball
3-2: Fly out, F8 (Flyball, 8LXD)
Batting: SHB Terumoto Kurihara 0-0: DOUBLE (Line Drive, 89D)
Batting: RHB Keith Fish 0-0: Foul Ball, location: 2F
0-1: Ground out 6-3 (Groundball, 6S)
Terumoto Kurihara to third
Batting: RHB Carlos Padilla 0-0: Ball
1-0: Foul Ball, location: 2F
1-1: Ball
2-1: SINGLE (Flyball, 78S)
Terumoto Kurihara scores
Batting: RHB Xavier Pérez 0-0: SINGLE (Groundball, 56D)
Carlos Padilla to second
Batting: RHB Justin Smelter 0-0: Called Strike
0-1: Foul Ball, location: 2F
0-2: Ball
1-2: Fielders Choice at 2nd, U4 (Groundball, 4M)
Bottom of the 4th over - 1 run, 3 hits, 0 errors, 2 left on base; D.C. 6 - Thunder Bay 1
TOP OF THE 5TH
D.C. Divided batting - Pitching for Thunder Bay Northern Lions BC : RHP Ramón Molina
Batting: LHB Obidiah Lewis 0-0: Ground out 4-3 (Groundball, 4)
Batting: RHB Roberto Maestas 0-0: Called Strike
0-1: Called Strike
0-2: Strikes out swinging
Batting: RHB Mario Castillo 0-0: Ball
1-0: Called Strike
1-1: Ball
2-1: Called Strike
2-2: Ball
3-2: Fly out, F8 (Flyball, 89S)
Top of the 5th over - 0 runs, 0 hits, 0 errors, 0 left on base; D.C. 6 - Thunder Bay 1
BOTTOM OF THE 5TH
Thunder Bay Northern Lions BC batting - Pitching for D.C. Divided : RHP Jon Dunn
Batting: LHB David Smith 0-0: Swinging Strike
0-1: Swinging Strike
0-2: Foul Ball, location: 2F
0-2: Ball
1-2: Strikes out swinging
Batting: RHB António Mendoza 0-0: Called Strike
0-1: Ball
1-1: SINGLE (Line Drive, 8RM)
Batting: RHB Sean Davis 0-0: Called Strike
0-1: Called Strike
0-2: Foul Ball, location: 2F
0-2: Ball
1-2: Grounds into double play, 6-4-3 (Groundball, 6)
Bottom of the 5th over - 0 runs, 1 hit, 0 errors, 0 left on base; D.C. 6 - Thunder Bay 1
TOP OF THE 6TH
D.C. Divided batting - Pitching for Thunder Bay Northern Lions BC : RHP Ramón Molina
Pitching: RHP Mauro Guerra
Batting: LHB Neil Lawson 0-0: Called Strike
0-1: Ball
1-1: Foul Ball, location: 2F
1-2: Strikes out swinging, 2-3 out at first.
Batting: LHB Sal Bradshaw 0-0: Ball
1-0: Ball
2-0: Called Strike
2-1: Ball
3-1: Base on Balls
Batting: RHB Arturo Rodríguez 0-0: Ball
1-0: Ball
Sal Bradshaw steals 2nd base
2-0: Foul Ball, location: 2F
2-1: Swinging Strike
2-2: Ball
3-2: Foul Ball, location: 2F
3-2: Base on Balls
Batting: RHB Tony Romero 0-0: SINGLE (Groundball, 4MD)
Sal Bradshaw to third
Arturo Rodríguez to second
Runner from 3rd tries for Home, SAFE, no throw
Batting: RHB Wilbur Davis 0-0: Foul Ball, location: 2F
0-1: Ball
1-1: Foul Ball, location: 2F
1-2: Foul Ball, location: 2F
1-2: SINGLE (Line Drive, 6M)
Arturo Rodríguez to third
Tony Romero to second
Runner from 3rd tries for Home, throw and OUT!
Batting: RHB Wilfred McLaughlin 0-0: Called Strike
0-1: Foul Ball, location: 2F
0-2: Foul Ball, location: 2F
0-2: Strikes out looking
Top of the 6th over - 1 run, 2 hits, 0 errors, 2 left on base; D.C. 7 - Thunder Bay 1
BOTTOM OF THE 6TH
Thunder Bay Northern Lions BC batting - Pitching for D.C. Divided : RHP Jon Dunn
Batting: SHB Carlos Rodríguez 0-0: Called Strike
0-1: Ball
1-1: Swinging Strike
1-2: Ball
2-2: Strikes out looking
Batting: SHB Terumoto Kurihara 0-0: Ball
1-0: Fly out, F5 (Popup, 5F)
Batting: RHB Keith Fish 0-0: Ball
1-0: Swinging Strike
1-1: Ball
2-1: SINGLE (Line Drive, 78S)
Batting: RHB Carlos Padilla 0-0: Ball
1-0: Ball
Keith Fish steals 2nd base
2-0: Called Strike
2-1: Ball
3-1: Foul Ball, location: 2F
3-2: Foul Ball, location: 2F
3-2: Fly out, F8 (Flyball, 8RD)
Bottom of the 6th over - 0 runs, 1 hit, 0 errors, 1 left on base; D.C. 7 - Thunder Bay 1
TOP OF THE 7TH
D.C. Divided batting - Pitching for Thunder Bay Northern Lions BC : RHP Mauro Guerra
Batting: LHB Obidiah Lewis 0-0: Ball
1-0: Ball
2-0: SINGLE (Groundball, 34D)
Batting: RHB Roberto Maestas 0-0: Called Strike
0-1: Called Strike
0-2: Strikes out swinging
Batting: RHB Mario Castillo 0-0: Ball
1-0: Ball
2-0: Ball
3-0: Base on Balls
Obidiah Lewis to second
Batting: LHB Neil Lawson 0-0: 3-RUN HOME RUN (Flyball, 9LD), Distance : 331 ft
Batting: LHB Sal Bradshaw 0-0: Ground out 4-3 (Groundball, 4S)
Batting: RHB Arturo Rodríguez 0-0: Ball
1-0: Foul Ball, location: 2F
1-1: Called Strike
1-2: Foul Ball, location: 2F
1-2: Foul Ball, location: 2F
1-2: Ball
2-2: SINGLE (Groundball, 56D)
Batting: RHB Tony Romero 0-0: Called Strike
0-1: Ball
1-1: Ball
2-1: Ball
3-1: Foul Ball, location: 2F
3-2: Base on Balls
Arturo Rodríguez to second
Batting: RHB Wilbur Davis 0-0: Fielders Choice at 2nd, 6-4 (Groundball, 56)
Top of the 7th over - 3 runs, 3 hits, 0 errors, 2 left on base; D.C. 10 - Thunder Bay 1
BOTTOM OF THE 7TH
Thunder Bay Northern Lions BC batting - Pitching for D.C. Divided : RHP Jon Dunn
Batting: RHB Xavier Pérez 0-0: Swinging Strike
0-1: Called Strike
0-2: Foul Ball, location: 2F
0-2: Ball
1-2: Strikes out swinging
Batting: RHB Justin Smelter 0-0: Ball
1-0: Foul Ball, location: 2F
1-1: Called Strike
1-2: Foul Ball, location: 2F
1-2: Foul Ball, location: 2F
1-2: Fly out, F4 (Popup, 34)
Batting: LHB David Smith 0-0: Ball
1-0: Ball
2-0: Fly out, F8 (Flyball, 8RD)
Bottom of the 7th over - 0 runs, 0 hits, 0 errors, 0 left on base; D.C. 10 - Thunder Bay 1
TOP OF THE 8TH
D.C. Divided batting - Pitching for Thunder Bay Northern Lions BC : RHP Mauro Guerra
Batting: RHB Wilfred McLaughlin 0-0: Called Strike
0-1: Called Strike
0-2: Strikes out looking
Batting: LHB Obidiah Lewis 0-0: Ball
1-0: Called Strike
1-1: Foul Ball, location: 2F
1-2: Ground out 4-3 (Groundball, 4)
Batting: RHB Roberto Maestas 0-0: Ball
1-0: Called Strike
1-1: Ball
2-1: Fly out, F7 (Line Drive, 78S)
Top of the 8th over - 0 runs, 0 hits, 0 errors, 0 left on base; D.C. 10 - Thunder Bay 1
BOTTOM OF THE 8TH
Thunder Bay Northern Lions BC batting - Pitching for D.C. Divided : RHP Jon Dunn
Batting: RHB António Mendoza 0-0: Called Strike
0-1: Ball
1-1: Ball
2-1: Called Strike
2-2: Foul Ball, location: 2F
2-2: Ball
3-2: Base on Balls
Pitching: RHP Luis Fernández
Batting: RHB Sean Davis 0-0: Swinging Strike
0-1: Called Strike
0-2: Foul Ball, location: 2F
0-2: Grounds out, U3 (Groundball, 3L)
Batting: SHB Carlos Rodríguez 0-0: Called Strike
0-1: Ball
1-1: Swinging Strike
1-2: Ground out 1-3 (Groundball, P)
António Mendoza to third
Batting: SHB Terumoto Kurihara 0-0: Ball
1-0: Ball
2-0: Foul Ball, location: 2F
2-1: Ground out 4-3 (Groundball, 4M)
Bottom of the 8th over - 0 runs, 0 hits, 0 errors, 1 left on base; D.C. 10 - Thunder Bay 1
TOP OF THE 9TH
D.C. Divided batting - Pitching for Thunder Bay Northern Lions BC : RHP Mauro Guerra
Batting: RHB Mario Castillo 0-0: Called Strike
0-1: Ground out 6-3 (Groundball, 6)
Batting: LHB Neil Lawson 0-0: Ball
1-0: Foul Ball, location: 2F
1-1: Ball
2-1: Called Strike
2-2: Fly out, F9 (Line Drive, 89M)
Batting: LHB Sal Bradshaw 0-0: Ball
1-0: Foul Ball, location: 2F
1-1: SINGLE (Groundball, 34D)
Batting: RHB Arturo Rodríguez 0-0: Ball
1-0: Ball
2-0: Ball
3-0: Foul Ball, location: 2F
3-1: Base on Balls
Sal Bradshaw to second
Batting: RHB Tony Romero 0-0: Called Strike
0-1: Ball
1-1: Foul Ball, location: 2F
1-2: Ball
2-2: Ball
3-2: SINGLE (Groundball, 3D)
Sal Bradshaw to third
Arturo Rodríguez to second
Sal Bradshaw scores
Arturo Rodríguez to third
Pitching: RHP Bayram Tanaoglu
Batting: RHB Wilbur Davis 0-0: Ball
1-0: SINGLE (Flyball, 8LS)
Arturo Rodríguez scores
Tony Romero to second
Batting: RHB Wilfred McLaughlin 0-0: Ground out 5-3 (Groundball, 2L)
Top of the 9th over - 2 runs, 3 hits, 0 errors, 2 left on base; D.C. 12 - Thunder Bay 1
BOTTOM OF THE 9TH
Thunder Bay Northern Lions BC batting - Pitching for D.C. Divided : RHP Luis Fernández
Batting: RHB Keith Fish 0-0: Ball
1-0: Foul Ball, location: 2F
1-1: Ball
2-1: Foul Ball, location: 2F
2-2: Foul Ball, location: 2F
2-2: Strikes out swinging
Batting: RHB Carlos Padilla 0-0: Ball
1-0: Ball
2-0: Ball
3-0: Called Strike
3-1: Fly out, F6 (Popup, 6MD)
Pinch Hitting: RHB Denis Higgins 0-0: Foul Ball, location: 2F
0-1: SINGLE (Groundball, 56) (infield hit)
Batting: RHB Justin Smelter 0-0: Swinging Strike
0-1: Ball
1-1: Called Strike
1-2: Foul Ball, location: 2F
1-2: Fielders Choice at 2nd, 5-4 (Groundball, 56)
Bottom of the 9th over - 0 runs, 1 hit, 0 errors, 1 left on base; D.C. 12 - Thunder Bay 1
Tuesday, December 19th, 2017 - OOTP Baseball 18.8 Build 76